 Dungeon Crawl Stone Soup version 0.17.0-7-gfadd4cc (webtiles) character file.

175 septik the Insei (level 5, -5/33 HPs)
             Began as an Octopode Transmuter on Nov 8, 2015.
             Slain by Grinder (6 damage)
             ... on level 4 of the Dungeon.
             The game lasted 00:19:10 (3306 turns).

septik the Insei (Octopode Transmuter)              Turns: 3306, Time: 00:19:10

Health: -5/33      AC:  2    Str: 11    XL:     5   Next: 55%
Magic:  7/8        EV: 19    Int: 15    God:
Gold:   124        SH:  0    Dex: 17    Spells: 2 memorised, 4 levels left

rFire  . . .     SeeInvis .       - Unarmed
rCold  . . .     Clarity  .     (shield currently unavailable)
rNeg   . . .     SustAt   .     (helmet currently unavailable)
rPois  x         Gourm    +     d - amulet of the gourmand
rElec  .         Spirit   .     (no ring)
rCorr  .         Warding  .     (no ring)
rMut   .         Stasis   .     (no ring)
MR     .....                    (no ring)
Stlth  ++........               (no ring)
                                (no ring)
                                (no ring)
                                (no ring)

@: spider-form (expiring), not resistant to hostile enchantments, unstealthy
A: almost no armour, amphibious, 8 rings, (constrict 8), (camouflage 0),
(gelatinous body 0)
a: End Transformation


You were on level 4 of the Dungeon.
You were completely stuffed.
You were a venomous arachnid creature.
You visited 1 branch of the dungeon, and saw 4 of its levels.

You collected 124 gold pieces.

Inventory:

Hand Weapons
 s - a +0 hunting sling
Missiles
 a - 56 arrows
 e - 97 stones (quivered)
Jewellery
 d - an amulet of the gourmand (around neck)
 t - an uncursed amulet of guardian spirit {unknown}
Scrolls
 g - a scroll of enchant armour {unknown}
 h - 2 scrolls of fear
 i - a scroll of teleportation
 k - a scroll of identify
 n - a scroll of enchant weapon {unknown}
 o - a scroll of magic mapping {unknown}
 r - a scroll of blinking {unknown}
 v - a scroll of remove curse
 x - a scroll of recharging {unknown}
Potions
 l - a potion of lignification {unknown}
 m - a potion of invisibility {unknown}
 p - 3 potions of curing
 q - a potion of cancellation {unknown}
 u - a potion of brilliance {unknown}
Books
 b - a book of Changes

   Spells                             Type                      Level
   a - Beastly Appendage              Transmutation                1
   b - Sticks to Snakes               Transmutation                2
   c - Spider Form                    Transmutation/Poison         3
   d - Ice Form                       Ice/Transmutation            4
   e - Blade Hands                    Transmutation                5
Comestibles
 c - 2 bread rations
 f - 4 fruits
 j - 4 meat rations
 w - a chunk of flesh


   Skills:
 - Level 1.0 Fighting
 - Level 2.0 Dodging
 - Level 5.0 Unarmed Combat
 - Level 2.0 Spellcasting
 - Level 3.0 Transmutations
 + Level 2.5 Poison Magic


You had 4 spell levels left.
You knew the following spells:

 Your Spells              Type           Power        Failure   Level  Hunger
a - Beastly Appendage     Trmt           ##....       21%         1    #......
b - Spider Form           Trmt/Pois      #.........   45%         3    ###....


Dungeon Overview and Level Annotations

Branches:
Dungeon (4/15)
 Temple: D:4-7

Altars:
Makhleb
Trog

Annotations:
D:4 Grinder


Innate Abilities, Weirdness & Mutations

You cannot wear most types of armour.
You are amphibious.
You can wear up to eight rings at the same time.
((You can use your tentacles to constrict eight enemies at once.))
((Your skin changes colour to match your surroundings (Stealth).))
((Your rubbery body absorbs attacks (AC +1).))


Message History

The giant cockroach bites you.
* * * LOW HITPOINT WARNING * * *
Grinder closely misses you.
You hit Grinder.
Grinder is moderately wounded.
The giant cockroach misses you. Grinder gestures at you.
You barely resist. You barely miss Grinder.
Grinder is moderately wounded.
The giant cockroach closely misses you. Grinder misses you.
You barely miss Grinder.
Grinder is moderately wounded.
The giant cockroach completely misses you.
You bite Grinder!
Grinder is heavily wounded.
The giant cockroach misses you. Grinder hits you.
* * * LOW HITPOINT WARNING * * *
You writhe in agony.
You die...

#...#...........#
#...#.......#.###.
+...+.............
#...#.......#.###
#...#.#...#.# #
#...#.###.#<#
.###....)###.#.#
........s..$..>#
.#.....#s5.....#
#.#...#....####
#........+
#...#....#
#.###..%... ..
#....... ###
#........
#........


You could see Grinder and a giant cockroach.

Vanquished Creatures
  A crimson imp (D:3)
  A hound (D:3)
  5 adders
  An ooze (D:3)
  2 worms (D:2)
  5 giant geckos
  5 bats
  11 goblins
  6 hobgoblins
  4 jackals (D:2)
  8 kobolds
  A quokka (D:3)
  2 giant cockroaches
  8 giant newts
  9 rats
69 creatures vanquished.

Notes
Turn   | Place    | Note
--------------------------------------------------------------
     0 | D:1      | septik the Octopode Transmuter began the quest for the Orb.
     0 | D:1      | Reached XP level 1. HP: 13/13 MP: 3/3
   134 | D:1      | Reached XP level 2. HP: 18/18 MP: 3/5
   515 | D:1      | Reached skill level 4 in Unarmed Combat
   631 | D:1      | Reached XP level 3. HP: 23/23 MP: 6/6
   901 | D:2      | Found a bloodstained altar of Trog.
  1265 | D:2      | Reached XP level 4. HP: 28/28 MP: 7/7
  2406 | D:3      | Reached skill level 5 in Unarmed Combat
  2406 | D:3      | Reached XP level 5. HP: 30/33 MP: 6/8
  2503 | D:3      | Learned a level 3 spell: Spider Form
  2558 | D:3      | Found a burning altar of Makhleb.
  2565 | D:3      | Reached skill level 1 in Poison Magic
  3286 | D:4      | Noticed Grinder
  3289 | D:4      | Paralysed by Grinder for 7 turns
  3306 | D:4      | HP: 1/33 [Grinder (2)]
  3306 | D:4      | Slain by Grinder

Action                   |  1- 3 |  4- 6 || total
-------------------------+-------+-------++-------
Melee: Unarmed           |    55 |    78 ||   133
 Fire: Hunting sling     |       |     3 ||     3
Throw: Stone             |    50 |    31 ||    81
 Cast: Beastly Appendage |    13 |    18 ||    31
       Spider Form       |       |     1 ||     1
  Use: Scroll            |       |     4 ||     4
 Stab: Sleeping          |     2 |     3 ||     5
  Eat: Chunk             |    11 |     7 ||    18
